 Dungeon Crawl Stone Soup version 0.25.1-2-g60ff931df9 (webtiles) character file.

Game seed: 12238973165058167647

138 Almogavar the Chopper (level 5, -1/46 HPs)
             Began as a Hill Orc Fighter on Sept 2, 2020.
             Killed by divine providence
             ... invoked by an orc priest
              (14 damage)
             ... on level 3 of the Dungeon.
             The game lasted 00:06:17 (2209 turns).

Almogavar the Chopper (Hill Orc Fighter)            Turns: 2209, Time: 00:06:18

Health: -1/46      AC: 10    Str: 20    XL:     5   Next: 21%
Magic:  5/5        EV:  5    Int:  8    God:
Gold:   188        SH:  9    Dex: 10    Spells: 4/4 levels left

rFire    . . .     SeeInvis .   a - +1 war axe
rCold    . . .     Gourm    .   c - +0 kite shield
rNeg     . . .     Faith    .   s - +0 chain mail
rPois    .         Spirit   .   p - +0 helmet
rElec    .         Reflect  .   (no cloak)
rCorr    .         Harm     .   (no gloves)
MR       .....                  (no boots)
Stlth    ..........             (no amulet)
HPRegen  0.15/turn              (no ring)
MPRegen  0.09/turn              (no ring)

@: no status effects
A: no striking features
a: Convert to Beogh


You were on level 3 of the Dungeon.
You were not hungry.

You visited 1 branch of the dungeon, and saw 3 of its levels.

You collected 188 gold pieces.

Inventory:

Hand Weapons
 a - a +1 war axe (weapon)
Armour
 c - a +0 kite shield (worn)
 p - a +0 helmet (worn)
 s - a +0 chain mail (worn)
Wands
 d - a wand of polymorph (7)
 q - a wand of flame (19)
Scrolls
 e - 3 scrolls of enchant weapon
 g - 2 scrolls of remove curse
 n - a scroll of blinking
Potions
 b - a potion of lignification {unknown}
 h - 3 potions of flight
 i - a potion of resistance {unknown}
 j - a potion of haste {unknown}
 l - 2 potions of curing {unknown}
 r - a potion of mutation {unknown}
Comestibles
 f - 4 rations
 k - 5 chunks of flesh


   Skills:
 + Level 4.2 Fighting
 + Level 4.9 Axes
 + Level 4.1 Armour
 + Level 0.4 Dodging
 + Level 4.0 Shields


You had 4 spell levels left.
You didn't know any spells.
Your spell library was empty.

Dungeon Overview and Level Annotations

Branches:
Dungeon (3/15)

Altars:
Cheibriados
Ru


Message History

Beogh smites you!
You barely miss the orc. The orc hits you but does no damage.
The orc priest hits you but does no damage.
The orc hits you but does no damage.
You closely miss the orc. You closely miss the orc priest.
The orc priest hits you with a +0 mace. You block the orc's attack.
You closely miss the orc. You closely miss the orc priest.
The orc priest invokes the aid of Beogh against you.
Pain shoots through your body!
* * * LOW HITPOINT WARNING * * *
The orc hits you but does no damage.
You slash the orc!
You kill the orc!
Your chain mail prevents you from hitting the orc priest.
The orc priest shouts, "Surrender to Beogh and we'll let you live!"
The orc priest hits you but does no damage.
You hit the orc priest but do no damage.
The orc priest mumbles some strange prayers to Beogh against you.
Beogh smites you!
You die...

#####
#...#
#.#.#
#.#.#
#.#.#
##.#.#
#)@#.#
#o#..#
#..#.##
#.##.# ..
#.# #####
#.# .....
#.#
......#.#
......#.#


You could see an orc priest.

Vanquished Creatures
  Jessica (D:2)
  Robin (D:2)
  3 adders (D:3)
  An ooze (D:1)
  A worm (D:3)
  4 orcs (D:3)
  A giant cockroach (D:3)
  14 goblins (D:2)
  10 hobgoblins
  7 jackals
  5 kobolds
  A ball python (D:2)
  5 bats
  2 frilled lizards
  3 rats
59 creatures vanquished.

Notes
Turn   | Place    | Note
-------+----------+-------------------------------------------
     0 | D:1      | Almogavar the Hill Orc Fighter began the quest for the Orb.
     0 | D:1      | Reached XP level 1. HP: 19/19 MP: 1/1
   129 | D:1      | Found a snail-covered altar of Cheibriados.
   597 | D:1      | Reached XP level 2. HP: 27/27 MP: 2/2
   775 | D:1      | You fall into a shaft and drop 1 floor!
   798 | D:2      | Noticed Robin
   800 | D:2      | Found a sacrificial altar of Ru.
   814 | D:2      | Reached XP level 3. HP: 8/33 MP: 3/3
   828 | D:2      | Killed Robin
  1142 | D:2      | Noticed Jessica
  1151 | D:2      | Killed Jessica
  1151 | D:2      | Reached XP level 4. HP: 35/40 MP: 4/4
  2079 | D:3      | Reached XP level 5. HP: 46/46 MP: 5/5
  2209 | D:3      | Killed from afar by an orc priest

Illustrated notes

Levels and vault maps discovered:
D:1:      dpeg_arrival_ternary, layout_basic, palyth_stone_intersect,
          cheibriados_altar_1
D:2:      layout_rooms, nicolae_ru_awakened_eye, serial_forest,
          infiniplex_forest_pool, infiniplex_forest_lined_ring,
          infiniplex_forest_clump_large, infiniplex_forest_clump_diagonal,
          infiniplex_forest_clump_small, infiniplex_forest_clump_large,
          infiniplex_forest_clump_double, infiniplex_forest_straight_3,
          infiniplex_forest_lined_room_2, uniq_robin, uniq_jessica
D:3:      layout_rooms, minitemple

Skill      XL: |  1  2  3  4 |
---------------+-------------+-----
Fighting       | 4 |  4.2
Axes           | 3 4 |  4.9
Shields        | 4 |  4.0
Armour         | 4 |  4.1
Dodging        | |  0.4

Action                   |  1- 3 |  4- 6 || total
-------------------------+-------+-------++-------
Melee: War axe           |    62 |    88 ||   150
  Use: Potion            |     2 |       ||     2
       Scroll            |       |     5 ||     5
  Eat: Chunk             |     1 |     3 ||     4
Armor: Scale mail        |    29 |     8 ||    37
       Chain mail        |       |    44 ||    44
Dodge: Dodged            |    29 |    20 ||    49
Block: Kite shield       |    27 |    41 ||    68
